 Dungeon Crawl Stone Soup version 0.23.0-3-gf3c87f2 (webtiles) character file.

Game seed: 10374127862113075037

738 wolfsongas the Insei (level 7, -3/45 HPs)
             Began as an Octopode Transmuter on Feb 22, 2019.
             Slain by a gnoll (7 damage)
             ... on level 6 of the Dungeon.
             The game lasted 00:07:18 (5704 turns).

wolfsongas the Insei (Octopode Transmuter)          Turns: 5704, Time: 00:07:19

Health: -3/45      AC:  1    Str: 10    XL:     7   Next: 75%
Magic:  10/10      EV: 13    Int: 16    God:
Gold:   304        SH:  0    Dex: 13    Spells: 9/10 levels left

rFire    + + .     SeeInvis .     - Unarmed
rCold    . . .     Gourm    .   (no shield)
rNeg     + + .     Faith    .   (helmet restricted)
rPois    +         Spirit   .   (no amulet)
rElec    +         Reflect  .   e - ring of positive energy
rCorr    +         Harm     .   g - ring of positive energy
MR       .....                  p - ring of fire
Stlth    ++++......             q - ring of flight
HPRegen  0.15/turn              (no ring)
MPRegen  0.12/turn              (no ring)
                                (no ring)
                                (no ring)

@: lethally poisoned (-3 -> -5), resistant, berserk cooldown, slowed, very slow
A: almost no armour, stealthy swim, amphibious, 8 rings, constrict 8, camouflage
1, gelatinous body 1
a: Evoke Flight


You were on level 6 of the Dungeon.
You were not hungry.

You visited 1 branch of the dungeon, and saw 6 of its levels.

You collected 304 gold pieces.

Inventory:

Hand Weapons
 j - a +3 short sword of speed
Missiles
 a - 47 arrows
Jewellery
 e - a ring of positive energy (left tentacle)
 g - a ring of positive energy (right tentacle)
 p - a ring of fire (on tentacle)
 q - a ring of flight (on tentacle)
Wands
 m - a wand of acid (11)
Scrolls
 d - 4 scrolls of amnesia
 f - 6 scrolls of remove curse
 l - a scroll of blinking
Potions
 b - a potion of brilliance
 h - 3 potions of flight
 i - 2 potions of agility
 k - a potion of might
 n - a potion of berserk rage
Comestibles
 c - 6 rations


   Skills:
 + Level 2.7 Fighting
 - Level 2.1 Dodging
 + Level 5.5 Stealth
 + Level 6.9 Unarmed Combat
 - Level 2.1 Spellcasting
 + Level 2.9 Transmutations


You had 9 spell levels left.
You knew the following spells:

 Your Spells              Type           Power        Failure   Level  Hunger
a - Beastly Appendage     Tmut           ##....       6%          1    #......

Your spell library contained the following spells:

 Spells                   Type           Power        Failure   Level  Hunger
 Sticks to Snakes         Tmut           ##......     10%         2    ###....
 Spider Form              Tmut/Pois      #.........   32%         3    ###....
 Ice Form                 Ice/Tmut       #.......     73%         4    #####..
 Blade Hands              Tmut           ##........   86%         5    ######.


Dungeon Overview and Level Annotations

Branches:
Dungeon (6/15)
 Temple: D:4-7

Altars:
Elyvilon
Makhleb
Qazlal
Trog
The Shining One

Portals:
Sewer: D:6

Annotations:
D:4 2 transporters, 2FriedEggs's ghost, amateur DsFi


Innate Abilities, Weirdness & Mutations

You cannot wear most types of armour.
You are very stealthy in the water. (Stealth+)
You are amphibious.
You can wear up to eight rings at the same time.
You can use your tentacles to constrict eight enemies at once.
Your skin changes colour to match your surroundings (Stealth+).
Your rubbery body absorbs attacks. (AC +1, EV +1)


Message History

a +0 spear; an orc corpse You tentacle-slap the gnoll.
You grab the gnoll.
The gnoll is moderately wounded.
You constrict the gnoll, but do no damage.
You feel sick. The gnoll hits you.
* * * LOW HITPOINT WARNING * * *
You tentacle-slap the gnoll.
The gnoll is moderately wounded.
You constrict the gnoll, but do no damage.
The gnoll struggles to escape constriction.
The gnoll escapes!
You feel sick. The orc misses you. The gnoll barely misses you. x2
The orc hits you with a +0 club.
* * * LOW HITPOINT WARNING * * *
It was a potion of resistance.
You feel protected. The gnoll hits you.
* * * LOW HITPOINT WARNING * * *
The gnoll hits you!
You die...

.#o.o...).##
...........#
##....#####.#
#.....#≈≈≈#.#
.....#≈≈≈#.#
.....#≈∩≈#.#
##..#≈≈≈#.#
#go#≈≈≈#.#
#@##†##.#
#)g†.)..#
#########


You could see 2 gnolls and an orc.

Vanquished Creatures
  Grinder (D:4)
  A phantom (D:5)
  An ogre (D:5)
  An orc priest (D:4)
  3 hounds
  A centaur skeleton (D:5)
  A worker ant (D:4)
  Robin (D:4)
  2 gnolls (D:6)
  9 adders
  An adder skeleton (D:4)
  A leopard gecko (D:3)
  8 orcs
  5 giant cockroaches
  14 goblins
  11 hobgoblins
  12 jackals
  2 kobolds
  A quokka (D:2)
  2 bats
  3 frilled lizards
  2 rats
83 creatures vanquished.

Vanquished Creatures (others)
  A jackal (D:3)
1 creature vanquished.

Grand Total: 84 creatures vanquished

Notes
Turn   | Place    | Note
-------+----------+-------------------------------------------
     0 | D:1      | wolfsongas the Octopode Transmuter began the quest for the
                  | Orb.
     0 | D:1      | Reached XP level 1. HP: 13/13 MP: 3/3
   378 | D:1      | Reached XP level 2. HP: 13/18 MP: 5/5
  1057 | D:2      | Reached skill level 1 in Stealth
  1243 | D:2      | Reached XP level 3. HP: 16/23 MP: 6/6
  1646 | D:3      | Found a faded altar of an unknown god.
  2003 | D:3      | Found a stormy altar of Qazlal.
  2013 | D:3      | Reached skill level 4 in Unarmed Combat
  2082 | D:3      | Reached XP level 4. HP: 9/28 MP: 7/7
  2676 | D:4      | Noticed Robin
  2911 | D:4      | Noticed Grinder
  3322 | D:4      | Killed Robin
  3348 | D:4      | Paralysed by Grinder for 2 turns
  3361 | D:4      | Killed Grinder
  3361 | D:4      | Reached skill level 5 in Unarmed Combat
  3361 | D:4      | Reached XP level 5. HP: 29/34 MP: 8/8
  3361 | D:4      | Reached XP level 6. HP: 33/39 MP: 9/9
  3829 | D:4      | Found a transporter.
  3831 | D:4      | Found a transporter.
  3832 | D:4      | Noticed 2FriedEggs's ghost (amateur DsFi)
  4026 | D:4      | Reached XP level 7. HP: 17/45 MP: 8/10
  4294 | D:4      | Found a white marble altar of Elyvilon.
  4369 | D:4      | Found a burning altar of Makhleb.
  4624 | D:5      | Entered Level 5 of the Dungeon
  4684 | D:5      | Found a bloodstained altar of Trog.
  4737 | D:5      | Reached skill level 5 in Stealth
  4737 | D:5      | Reached skill level 6 in Unarmed Combat
  5461 | D:5      | Found a glowing golden altar of the Shining One.
  5659 | D:6      | Found a glowing drain.
  5704 | D:6      | Slain by a gnoll

Skill      XL: |  1  2  3  4  5  6  7 |
---------------+----------------------+-----
Stealth        | 1 4 5 |  5.5
Unarmed Combat | 4 5 6 |  6.9
Fighting       | 2 |  2.7
Dodging        | |  2.1
Spellcasting   | |  2.1
Transmutations | |  2.9

Action                   |  1- 3 |  4- 6 |  7- 9 || total
-------------------------+-------+-------+-------++-------
Melee: Unarmed           |    62 |    94 |    60 ||   216
       Constrict         |    19 |    27 |     8 ||    54
       Tentacles         |    11 |    20 |    10 ||    41
       Kick              |     4 |     1 |       ||     5
       Punch             |     3 |       |     3 ||     6
 Cast: Beastly Appendage |     5 |     2 |     1 ||     8
  Use: Scroll            |     7 |     2 |     4 ||    13
       Potion            |     1 |     2 |     2 ||     5
 Stab: Sleeping          |     7 |     3 |     2 ||    12
  Eat: Ration            |     1 |     2 |     2 ||     5
Armor: Skin              |     2 |     4 |     4 ||    10
Dodge: Dodged            |    40 |    66 |    41 ||   147
